 Dungeon Crawl Stone Soup version 0.25-a0-317-g5f8687b (webtiles) character file.

Game seed: 2894600357957630624, levelgen mode: deterministic

45739 Auros the Severer (level 14, 0/169 HPs)
             Began as a Hill Orc Fighter on Dec 26, 2019.
             Was a Priest of Beogh.
             Succumbed to a ghost moth's poison
             ... on level 2 of the Spider Nest.
             The game lasted 02:38:14 (23386 turns).

Auros the Severer (Hill Orc Fighter)               Turns: 23386, Time: 02:38:15

Health: 0/169      AC: 27    Str: 26      XL:     14   Next: 34%
Magic:  19/23      EV:  2    Int:  5 (8)  God:    Beogh [***...]
Gold:   1520       SH: 14    Dex: 10      Spells: 9/13 levels left

rFire    + + .     SeeInvis .   D - +1 hand axe of Haicuaco {chop, *Slow rC+ Str+2}
rCold    + . .     Gourm    +   K - +0 shield
rNeg     + + +     Faith    .   (armour currently unavailable)
rPois    +         Spirit   .   (helmet currently unavailable)
rElec    .         Reflect  .   (cloak currently unavailable)
rCorr    .         Harm     .   (gloves currently unavailable)
MR       ++...     NoTele   +   (boots currently unavailable)
Stlth    +.........             g - amulet of the gourmand
HPRegen  0.38/turn              V - ring "Seirphal" {rF++ MR+}
MPRegen  0.18/turn              Y - ring of flight

@: lethally poisoned (0 -> -27), tree-form, studying Transmutations
A: wild magic 1
a: Smiting, Renounce Religion


You were on level 2 of the Spider Nest.
You worshipped Beogh.
Beogh was most pleased with you.
You were very full.
You were a tree.
You visited 5 branches of the dungeon, and saw 21 of its levels.
You also visited: Gauntlet.

You collected 1520 gold pieces.

Inventory:

Hand Weapons
 a - a +6 war axe
 s - a +2 great sword of holy wrath
 v - a +5 battleaxe
 w - a +1 hunting sling of freezing
 D - the +1 hand axe of Haicuaco (weapon) {chop, *Slow rC+ Str+2}
   (You found it on level 2 of the Spider Nest)

   It inflicts extra damage upon your enemies.
   It affects your strength (+2).
   It protects you from cold.
   It may slow you when you take damage.
 L - a +0 trident of protection
Missiles
 l - 15 poisoned darts
 x - 39 sling bullets
 T - 12 javelins
 W - 2 atropa-tipped darts (quivered)
Armour
 d - a +2 plate armour of poison resistance (melded)
 e - a +3 chain mail of magic resistance
 j - a +1 pair of gloves of archery (melded)
 K - a +0 shield (worn)
 S - the +3 robe of the Ant {rCorr Dex+4 Slay+5}
   (You found it on level 3 of the Lair of Beasts)

   It affects your dexterity (+4).
   It affects your accuracy and damage with ranged weapons and melee attacks
   (+5).
   It provides partial protection from all sources of acid and corrosion.
Magical Staves
 O - an uncursed staff of earth
Jewellery
 g - an amulet of the gourmand (around neck)
 H - an uncursed ring of protection from cold
 M - an uncursed ring of protection from fire
 P - an uncursed ring of wizardry
 U - the ring of Icamovat {*Corrode Str-2 Dex+5 Slay+3}
   (You found it in a Gauntlet)

   [ring of slaying]

   It affects your strength (-2).
   It affects your dexterity (+5).
   It affects your accuracy and damage with ranged weapons and melee attacks
   (+3).
   It may corrode you when you take damage.
 V - the ring "Seirphal" (left branch) {rF++ MR+}
   (You took it off a minotaur in a Gauntlet)

   [ring of protection from magic]

   It greatly protects you from fire.
   It affects your resistance to hostile enchantments.
 Y - a ring of flight (right branch)
Wands
 q - a wand of paralysis (10)
 u - a wand of flame (23)
 B - a wand of enslavement (4)
 C - a wand of digging (16)
 F - a wand of acid (7)
 R - a wand of clouds (5)
Scrolls
 c - a scroll of remove curse
 i - 2 scrolls of identify
 k - 4 scrolls of blinking
 r - 3 scrolls of fear
 t - 3 scrolls of teleportation
 A - a scroll of magic mapping
 G - a scroll of amnesia
Potions
 h - 5 potions of flight
 m - a potion of mutation
Books
 y - a manual of Transmutations
Miscellaneous
 b - a phial of floods
 p - a lamp of fire
Comestibles
 z - 22 rations
 I - 3 chunks of flesh


   Skills:
 + Level 7.0 Fighting
 - Level 16.0 Axes
 + Level 11.7 Armour
 - Level 15.0 Shields
 - Level 5.0 Transmutations
 + Level 12.5 Invocations


You had 9 spell levels left.
You knew the following spells:

 Your Spells              Type           Power        Failure   Level  Hunger
a - Summon Butterflies    Summ           #.......     56%         1    ##.....
b - Beastly Appendage     Tmut           #.....       11%         1    ##.....
c - Sticks to Snakes      Tmut           #.......     16%         2    ###....

Your spell library contained the following spells:

 Spells                   Type           Power        Failure   Level  Hunger
 Spider Form              Tmut/Pois      #.........   58%         3    ####...
 Poisonous Vapours        Pois/Air       #.....       71%         2    ###....
 Conjure Flame            Conj/Fire      #.......     89%         3    ####...
 Mephitic Cloud           Conj/Pois/Air  #.......     89%         3    ####...
 Ice Form                 Ice/Tmut       #.......     92%         4    #####..
 Blade Hands              Tmut           #.........   92%         5    ######.
 Aura of Abjuration       Summ           #.........   100%        5    ######.
 Excruciating Wounds      Chrm/Necr      #.........   100%        5    ######.
 Freezing Cloud           Conj/Ice/Air   #.........   100%        6    #######
 Ring of Flames           Chrm/Fire      #.........   100%        7    #######
 Spellforged Servitor     Conj/Summ      #.........   100%        7    #######


Dungeon Overview and Level Annotations

Branches:
Dungeon (10/15)            Temple (0/1) D:7            Lair (6/6) D:9
  Swamp (0/4) Lair:4       Spider (2/4) Lair:2          Orc (2/2) D:9
    Elf (1/3) Orc:2       Gauntlet (visited)
  Slime: Lair:5-6

Altars:
Fedhas
Gozag
Okawaru
Uskayaw
Yredelemnul

Shops:
Elf:1 *([

Annotations:
D:2 1 runed translucent door, Crazy Yiuf
D:9 2 transporters, Despondentz's ghost, journeyman VSFi
Lair:3 exclusion: oklob plant
Spider:1 Roxanne


Innate Abilities, Weirdness & Mutations

((You have a pair of small antennae on your head.))
Your spells are a little harder to cast, but a little more powerful.


Message History

Press: ? - help, Dir - move target cursor Fall back!
* * * LOW HITPOINT WARNING * * *
You feel very sick.
Something hits Orkrul but does no damage.
Something hits Orkrul.
Something stings Orkrul but does no damage.
Aiming: Smiting
Press: ? - help, Dir - move target cursor There's nothing there!
* * * LOW HITPOINT WARNING * * *
You feel very sick.
Okay, then.
Okay, then.
Casting: Sticks to Snakes (safe; 16% risk of failure)
Confirm with . or Enter, or press ? or * to list all spells.
Okay, then.
Casting: Sticks to Snakes (safe; 16% risk of failure)
Confirm with . or Enter, or press ? or * to list all spells.
You die...

#...#..^# #. .# #..#.###
##. . ##......#######(.##
##. #..#o#.#..#.#.##..#
#.. ...^#..#...^..<..##..
#......####.###.##.#.#..#
#...####.=...#.#.........
#.{$#.†bo......#.###..#
#.#o.#♣o####..##..#..#.#
#..##.b#b..####.......##
#...#.b#.....#...#.[##...
...#
#.....##....#...#<...
#..# #..#.###
##..##.#..## #.#.^....#.#
#.#..#... ..#.#.##..^..
#...#..# #.... ##?#..#
.##..##.. #.... #####
.....#...


You could see a friendly orc knight and the friendly Orkrul the orc knight.

Vanquished Creatures
  Rupert (Spider:1)
  An emperor scorpion (Spider:1)
  An entropy weaver (Spider:1)
  A minotaur (Gauntlet)
  2 hydras
  A fire dragon (Lair:3)
  Fannar (Orc:1)
  2 dancing weapons (Elf:1)
  2 orc high priests (Orc:2)
  3 orb spiders
  A deep elf mage (Elf:1)
  7 elephants
  4 black mambas
  7 spiny frogs
  A demonic crawler (Spider:1)
  4 komodo dragons
  5 trolls
  A jumping spider (Spider:1)
  A queen bee (Lair:2)
  12 blink frogs
  2 hornets (Gauntlet)
  7 dream sheep
  2 hippogriffs
  17 yaks
  An air elemental (Elf:1)
  7 redbacks
  2 tarantellas (Spider:1)
  Grum (D:8)
  A basilisk (Lair:2)
  A hungry ghost (D:9)
  4 vampire mosquitoes (Lair:4)
  6 water moccasins
  A warg (Orc:1)
  3 porcupines
  7 orc warriors
  An ice beast (D:9)
  A sky beast (D:7)
  A black bear (D:9)
  2 phantoms
  5 ogres
  17 wolves
  5 centaurs
  8 crocodiles
  7 bullfrogs
  An earth elemental (Elf:1)
  A wyvern skeleton (D:8)
  4 scorpions
  A water moccasin skeleton (D:6)
  12 killer bees (Lair:2)
  9 wights (D:8)
  An electric eel (Spider:1)
  4 crimson imps
  2 jellies (D:8)
  A gnoll shaman (Orc:1)
  An orc priest (Orc:1)
  A centaur skeleton (D:8)
  6 orc wizards
  10 worker ants
  A hound skeleton (D:4)
  A hound zombie (D:8)
  10 adders
  5 gnolls (D:9)
  2 shadow imps
  An ooze (D:3)
  A worm (Lair:2)
  A dart slug (D:1)
  8 leopard geckos
  23 orcs
  2 ball pythons
  5 giant cockroaches
  4 goblins
  9 hobgoblins
  2 jackals (D:5)
  3 kobolds
  2 quokkas
  6 bats
  9 frilled lizards
  3 rats
  A fungus (Lair:2)
320 creatures vanquished.

Vanquished Creatures (collateral kills)
  An emperor scorpion (Spider:2)
  2 dancing weapons (Elf:1)
  2 deep elf knights (Elf:1)
  A deep elf archer (Elf:1)
  5 wolf spiders
  2 orb spiders (Spider:1)
  5 deep elf magi (Elf:1)
  A black mamba (shapeshifter) (Elf:1)
  A torpor snail (Spider:1)
  A demonic crawler (Spider:2)
  A troll (Orc:2)
  4 jumping spiders
  A hornet (Lair:2)
  A dream sheep (Lair:2)
  A water elemental (Elf:1)
  5 tarantellas (Spider:1)
  A yak (Lair:2)
  13 redbacks
  3 orc warriors (Orc:2)
  2 wolves (Lair:2)
  An earth elemental (Elf:1)
  A scorpion (D:7)
  12 killer bees (Lair:2)
  An orc priest (Orc:2)
  An orc wizard (Orc:2)
  A worm (Lair:2)
  4 orcs (Orc:2)
74 creatures vanquished.

Vanquished Creatures (others)
  An orc wizard (Orc:2)
  5 orcs
  9 fungi
  6 plants
  4 toadstools (D:4)
25 creatures vanquished.

Grand Total: 419 creatures vanquished

Notes
Turn   | Place    | Note
-------+----------+-------------------------------------------
     0 | D:1      | Auros the Hill Orc Fighter began the quest for the Orb.
     0 | D:1      | Reached XP level 1. HP: 19/19 MP: 1/1
   319 | D:1      | Reached skill level 3 in Axes
   329 | D:1      | Reached XP level 2. HP: 27/27 MP: 2/2
   732 | D:2      | Reached XP level 3. HP: 33/33 MP: 3/3
   838 | D:2      | Reached skill level 4 in Axes
   937 | D:2      | Found a runed translucent door.
   938 | D:2      | Noticed Crazy Yiuf
  1339 | D:3      | Reached XP level 4. HP: 40/40 MP: 4/4
  1436 | D:3      | Found a blossoming altar of Fedhas.
  1439 | D:3      | Noticed a phantom
  1801 | D:4      | Reached skill level 5 in Axes
  1801 | D:4      | Reached XP level 5. HP: 12/46 MP: 5/5
  2395 | D:5      | Entered Level 5 of the Dungeon
  2411 | D:4      | Reached skill level 5 in Shields
  2922 | D:5      | Noticed an ice beast
  2953 | D:6      | Reached XP level 6. HP: 18/52 MP: 6/6
  2970 | D:6      | Reached skill level 6 in Axes
  3248 | D:6      | Noticed a phantom
  3286 | D:6      | Killed a phantom
  3374 | D:6      | Reached skill level 7 in Axes
  3374 | D:6      | Reached XP level 7. HP: 44/58 MP: 7/7
  3737 | D:6      | Reached skill level 8 in Axes
  4077 | D:6      | Gained mutation: You have a pair of small antennae on your
                  | head. [potion of mutation]
  4077 | D:6      | Gained mutation: Your spells are a little harder to cast,
                  | but a little more powerful. [potion of mutation]
  4235 | D:7      | Reached XP level 8. HP: 55/66 MP: 8/8
  4579 | D:7      | Became a worshipper of Beogh the Brigand
  4657 | D:7      | Reached skill level 9 in Axes
  4812 | D:7      | Found a staircase to the Ecumenical Temple.
  5469 | D:7      | Found an iron altar of Okawaru.
  5470 | D:7      | Found an opulent altar of Gozag.
  5470 | D:7      | Found a basalt altar of Yredelemnul.
  5798 | D:7      | Reached skill level 10 in Axes
  5807 | D:8      | Reached skill level 5 in Armour
  5807 | D:8      | Reached XP level 9. HP: 40/71 MP: 9/9
  6150 | D:8      | Noticed a troll
  6591 | D:8      | Reached skill level 1 in Invocations
  6608 | D:8      | Noticed Grum
  6616 | D:8      | Killed Grum
  6616 | D:8      | Reached * piety under Beogh
  6862 | D:7      | Killed a troll
  7364 | D:8      | Found a hide-covered altar of Uskayaw.
  7412 | D:8      | Identified the cursed +0 mace of Masuovazum {freeze, MR+
                  | MP+9}
  7681 | D:8      | Reached skill level 11 in Axes
  8115 | D:9      | Reached skill level 5 in Invocations
  8180 | D:9      | Reached XP level 10. HP: 76/78 MP: 13/13
  8253 | D:9      | Reached skill level 10 in Shields
  8363 | D:9      | Found a transporter.
  8363 | D:9      | Noticed Despondentz's ghost (journeyman VSFi)
  8364 | D:9      | Noticed a moth of wrath
  8382 | D:9      | Found a transporter.
  8397 | D:9      | Noticed a catoblepas
  8406 | D:9      | Found a staircase to the Lair.
  8413 | Lair:1   | Entered Level 1 of the Lair of Beasts
  8535 | Lair:1   | HP: 3/78 [komodo dragon (19)]
  9156 | Lair:1   | Noticed a black mamba
  9164 | Lair:1   | Killed a black mamba
  9164 | Lair:1   | Reached ** piety under Beogh
  9471 | D:9      | Reached skill level 12 in Axes
  9553 | D:9      | Found a staircase to the Orcish Mines.
  9991 | Lair:1   | Noticed a spiny frog
 10011 | Lair:1   | Killed a spiny frog
 10171 | Lair:1   | Reached XP level 11. HP: 48/83 MP: 16/16
 10853 | Lair:1   | Noticed a five-headed hydra
 10858 | Lair:1   | Killed a five-headed hydra
 11331 | Lair:1   | Reached skill level 13 in Axes
 11831 | Lair:2   | Noticed a four-headed hydra
 12710 | D:9      | Killed a four-headed hydra
 12767 | D:10     | Entered Level 10 of the Dungeon
 13433 | Lair:2   | Reached skill level 10 in Invocations
 13433 | Lair:2   | Reached XP level 12. HP: 64/91 MP: 19/19
 13736 | Lair:2   | Reached skill level 10 in Armour
 13762 | Lair:2   | Reached *** piety under Beogh
 14174 | Lair:3   | Got a creamy pearl robe
 14185 | Lair:3   | Identified the +3 robe of the Ant {rCorr Dex+4 Slay+5} (You
                  | found it on level 3 of the Lair of Beasts)
 14357 | Lair:3   | Reached skill level 14 in Axes
 14908 | Lair:3   | Noticed a fire dragon
 14914 | Lair:3   | Killed a fire dragon
 14934 | Lair:3   | Identified the Grimoire of Creative Darkness
 15773 | Lair:6   | Entered Level 6 of the Lair of Beasts
 16116 | Lair:4   | Found a staircase to the Swamp.
 16556 | Lair:4   | Learned a level 1 spell: Summon Butterflies
 16939 | Lair:4   | Reached skill level 15 in Axes
 17243 | Orc:1    | Entered Level 1 of the Orcish Mines
 17894 | Orc:2    | Entered Level 2 of the Orcish Mines
 17978 | Orc:2    | Found a gate leading to a gauntlet.
 18001 | Gauntlet | Entered a Gauntlet
 18001 | Gauntlet | Found a transporter.
 18001 | Gauntlet | Found a transporter.
 18005 | Gauntlet | Found a transporter.
 18005 | Gauntlet | Found a transporter.
 18014 | Gauntlet | Noticed a wretched star
 18015 | Gauntlet | Found a transporter.
 18023 | Gauntlet | Noticed a dire elephant
 18025 | Gauntlet | Found a transporter.
 18025 | Gauntlet | Found a transporter.
 18025 | Gauntlet | Noticed a catoblepas
 18047 | Gauntlet | Found a transporter.
 18048 | Gauntlet | Noticed a blizzard demon
 18070 | Gauntlet | Found a transporter.
 18131 | Gauntlet | Paralysed by a hornet for 1 turns
 18146 | Gauntlet | Paralysed by a hornet for 2 turns
 18163 | Gauntlet | Found a transporter.
 18230 | Gauntlet | Found a transporter.
 18260 | Gauntlet | Found a transporter.
 18368 | Gauntlet | Got a flickering pewter ring
 18373 | Gauntlet | Identified the ring "Seirphal" {rF++ MR+}
 18373 | Gauntlet | Noticed a minotaur
 18380 | Gauntlet | Reached XP level 13. HP: 80/96 MP: 21/21
 18387 | Gauntlet | Killed a minotaur
 18407 | Gauntlet | Identified the ring of Icamovat {*Corrode Str-2 Dex+5
                  | Slay+3} (You found it in a Gauntlet)
 18699 | Orc:1    | Noticed Fannar
 18702 | Orc:1    | Killed Fannar
 19070 | Orc:1    | You fall into a shaft and drop 1 floor!
 19478 | Orc:2    | Found a staircase to the Elven Halls.
 19746 | Elf:1    | Entered Level 1 of the Elven Halls
 19766 | Elf:1    | Reached skill level 16 in Axes
 20206 | Elf:1    | Found Putritum's Armour Shop.
 20669 | Elf:1    | Found Vougyapa's Weapon Shop.
 20671 | Elf:1    | Found Unynuv's Assorted Antiques.
 20958 | Elf:1    | Reached skill level 15 in Shields
 21721 | Lair:2   | Reached skill level 1 in Transmutations
 21941 | Lair:2   | Learned a level 1 spell: Beastly Appendage
 21966 | Lair:2   | Found a hole to the Spider Nest.
 21984 | Spider:1 | Entered Level 1 of the Spider Nest
 21989 | Spider:1 | Noticed an emperor scorpion
 22000 | Spider:1 | Killed an emperor scorpion
 22049 | Spider:1 | Reached skill level 5 in Fighting
 22149 | Spider:1 | Reached **** piety under Beogh
 22189 | Spider:1 | Gained Orkrul as an ally
 22211 | Spider:1 | Reached XP level 14. HP: 52/107 MP: 18/22
 22476 | Spider:1 | Noticed Rupert
 22481 | Spider:1 | Killed Rupert
 22485 | Spider:1 | Learned a level 2 spell: Sticks to Snakes
 22626 | Spider:1 | Identified Roxanne's Tome of the Mountains
 22626 | Spider:1 | Noticed Roxanne
 22633 | Spider:1 | Noticed an entropy weaver
 22636 | Spider:1 | Killed an entropy weaver
 23086 | Spider:2 | Noticed an emperor scorpion
 23096 | Spider:2 | Killed an emperor scorpion
 23215 | Spider:2 | Reached skill level 5 in Transmutations
 23316 | Spider:2 | Got an encrusted hand axe
 23317 | Spider:2 | Identified the cursed +1 hand axe of Haicuaco {chop, *Slow
                  | rC+ Str+2} (You found it on level 2 of the Spider Nest)
 23374 | Spider:2 | HP: 5/113 [poisoned by a ghost moth]
 23383 | Spider:2 | HP: 8/169 [poisoned by a ghost moth]
 23385 | Spider:2 | HP: 2/169 [poisoned by a ghost moth]
 23386 | Spider:2 | Succumbed to a ghost moth's poison

Levels and vault maps discovered:
D:1:      dpeg_arrival_rhombi, layout_rooms
D:2:      layout_loops_cross, lemuel_round_altar, first_ration,
          uniq_crazy_yiuf_cottage
D:3:      layout_loops_ring, fedhas_altar_1, serial_bayou_pond_c, minivault_26,
          minmay_box_of_dots
D:4:      cheibrodos_fertilizer, layout_loops_ring, gup_sewer_entry_bubbles,
          grunt_ministairs_4, kennysheep_path_1, dk_noncrumbling_4
D:5:      layout_layer_cave, lemuel_crystal_altar, grunt_ministairs_11,
          minmay_misc_feat_five, uniq_sigmund
D:6:      layout_cave_pods, chequers_serial_rivers_small_3, minmay_between
D:7:      layout_rooms, minitemple, minmay_temple_entry_sparse_star
D:8:      layout_basic, eat_drink_and_be_merry_uskayaw, due_unseen_surprise,
          uniq_grum
D:9:      layout_roguey, lair_entry_dummy, orc_david_3,
          gammafunk_ghost_berserking_beasts
D:10:     layout_irregular_city, minmay_librarian
Lair:1:   layout_gridlike
Lair:2:   layout_roguey [special_room_bee], nicolae_spider_entry_non_spiders
Lair:3:   dragon1_lemuel, layout_chaotic_city, grunt_megastairs_1,
          minmay_lair_oklob_chamber
Lair:4:   layout_regular_city, minmay_swamp_entry_swarm, st_stairs_9
Lair:5:   layout_regular_city, nicolae_volcano_entry_s_turn
Lair:6:   evilmike_catoblepas_cave, layout_gridlike, minmay_slime_entry_pillars
Spider:1: layout_spider_delve, uniq_rupert, uniq_roxanne, uniq_frances
Spider:2: layout_spider_delve, nicolae_orb_island, uniq_nikola, uniq_louise,
          uniq_donald
Orc:1:    layout_caves, uniq_fannar
Orc:2:    grunt_orc_tribal_feast, layout_caves, gauntlet_entry_generic
Elf:1:    eino_elf_arrival_the_gate, layout_gridlike, serial_shops,
          nicolae_shop_waterfront, hangedman_corner_corridor, hex_tiny,
          drop_trap, minmay_shoptagon, grunt_megastairs_3

Skill      XL: |  1  2  3  4  5  6  7  8  9 10 11 12 13 14 |
---------------+-------------------------------------------+-----
Axes           | 3 4 5 7 8 10 11 12 13 15 16 | 16.0
Shields        | 4 5 6 7 8 9 10 11 13 15 | 15.0
Armour         | 5 6 8 9 10 11 | 11.7
Invocations    | 5 7 10 11 12 | 12.5
Transmutations | 3 5 |  5.0
Fighting       | 5 7 |  7.0

Action                   |  1- 3 |  4- 6 |  7- 9 | 10-12 | 13-15 || total
-------------------------+-------+-------+-------+-------+-------++-------
Melee: War axe           |   113 |   127 |   310 |   633 |   273 ||  1456
       Mace              |       |       |       |    28 |       ||    28
       Hand axe          |       |       |       |       |    28 ||    28
 Fire: Hunting sling     |       |     6 |    14 |     6 |       ||    26
Throw: Stone             |    83 |    21 |       |       |       ||   104
       Dart              |       |       |     5 |     2 |     2 ||     9
       Boomerang         |       |       |     4 |       |       ||     4
 Cast: Summon Butterflie |       |       |       |     1 |     1 ||     2
       Beastly Appendage |       |       |       |       |     1 ||     1
       Sticks to Snakes  |       |       |       |       |     1 ||     1
Invok: Convert to Beogh  |       |       |     1 |       |       ||     1
       Smiting           |       |       |       |     9 |    24 ||    33
Evoke: Wand              |       |       |     2 |     6 |     2 ||    10
       Lamp of fire      |       |       |       |       |     1 ||     1
  Use: Potion            |       |     5 |     3 |     4 |     6 ||    18
       Scroll            |       |     3 |    14 |     6 |     5 ||    28
 Stab: Paralysed         |       |       |     5 |     3 |       ||     8
       Distracted        |       |       |       |       |     3 ||     3
  Eat: Chunk             |     2 |     6 |    22 |    47 |    16 ||    93
       Ration            |       |       |     1 |       |       ||     1
Armor: Chain mail        |    58 |    63 |    17 |       |     9 ||   147
       Plate armour      |       |       |   108 |   281 |   111 ||   500
Dodge: Dodged            |    14 |    22 |    23 |   155 |    64 ||   278
Block: Shield            |    64 |    70 |   150 |   391 |   195 ||   870

Table legend:
 A = Non-vault XP
 B = Vault XP
 C = Vault XP percentage of total XP
 D = Non-vault monster count
 E = Vault monster count
 F = Vault count percentage of total count
                 A         B        C        D         E       F
            +---------+---------+-------+---------+---------+-------
      Total |   51568 |   13774 |  21.1 |     322 |      71 |  18.1
            +---------+---------+-------+---------+---------+-------
        D:1 |      19 |       0 |   0.0 |      11 |       0 |   0.0
        D:2 |      44 |       0 |   0.0 |      19 |       0 |   0.0
        D:3 |      28 |       4 |  12.5 |      12 |       2 |  14.3
        D:4 |     112 |      21 |  15.8 |       7 |       1 |  12.5
        D:5 |      79 |       0 |   0.0 |       4 |       0 |   0.0
        D:6 |     525 |     314 |  37.4 |      10 |       5 |  33.3
        D:7 |    1246 |       0 |   0.0 |      23 |       0 |   0.0
        D:8 |    1423 |     539 |  27.5 |      26 |       4 |  13.3
        D:9 |    3149 |     255 |   7.5 |      24 |       9 |  27.3
     Lair:1 |    9881 |      33 |   0.3 |      45 |       1 |   2.2
     Lair:2 |    5974 |    1787 |  23.0 |      25 |      29 |  53.7
     Lair:3 |    2578 |    1857 |  41.9 |       8 |       3 |  27.3
     Lair:4 |    3352 |     835 |  19.9 |      16 |       5 |  23.8
   Spider:1 |   10519 |    2954 |  21.9 |      40 |       1 |   2.4
   Spider:2 |    3509 |       0 |   0.0 |       9 |       0 |   0.0
      Orc:1 |     725 |     971 |  57.3 |      12 |       1 |   7.7
      Orc:2 |    2913 |       0 |   0.0 |      19 |       0 |   0.0
      Elf:1 |    5492 |    2002 |  26.7 |      12 |       6 |  33.3
   Gauntlet |       0 |    2202 | 100.0 |       0 |       4 | 100.0
            +---------+---------+-------+---------+---------+-------
